 Dungeon Crawl Stone Soup version bcrawl-1.14 (webtiles) character file.

Game seed: 13915487946878189180

450 MordorOrchid the Ruffian (level 7, 0/57 HPs)
             Began as an Oni Sloth Apostle on Sept 7, 2019.
             Was a Priest of Cheibriados.
             Hit by a tomahawk thrown by a gnoll (4 damage)
             ... on level 4 of the Dungeon.
             The game lasted 00:12:11 (3400 turns).

MordorOrchid the Ruffian (Oni Sloth Apostle)        Turns: 3400, Time: 00:12:12

Health: 0/57       AC:  3    Str: 24    XL:     7   Next: 4%
Magic:  5/11       EV:  9    Int: 21    God:    Cheibriados [***...]
Gold:   254        SH:  9    Dex: 17    Spells: 7/8 levels left

rFire    . . .     SeeInvis .     - Unarmed
rCold    . . .     Gourm    .   b - +0 shield
rNeg     . . .     Faith    .   n - +0 leather armour
rPois    .         Spirit   .   (helmet restricted)
rElec    .         Reflect  .   (no cloak)
rCorr    .         Harm     .   (no gloves)
MR       .....                  (no boots)
Stlth    ++........             (no amulet)
HPRegen  0.19/turn              (no ring)
MPRegen  0.12/turn              (no ring)

@: very slow
A: oni magic, claws 1, fangs 1, horns 1
a: Bend Time, Temporal Distortion, Renounce Religion


You were on level 4 of the Dungeon.
You worshipped Cheibriados.
Cheibriados was most pleased with you.
You were not hungry.

You visited 1 branch of the dungeon, and saw 4 of its levels.

You collected 254 gold pieces.

Inventory:

Hand Weapons
 w - the cursed +3 war axe of Gaxowod {venom, rF++ Dex+5}
   (You found it on level 4 of the Dungeon)

   It poisons the flesh of those it strikes.
   It affects your dexterity (+5).
   It greatly protects you from fire.
   It has a curse placed upon it.
Missiles
 e - 414 sling bullets
 q - 170 tomahawks (quivered)
Armour
 a - a +0 animal skin
 b - a +0 shield (worn)
 n - a +0 leather armour (worn)
Jewellery
 t - a +3 amulet of reflection {unknown}
 u - an uncursed amulet of magic regeneration {unknown}
Wands
 c - a wand of paralysis (10)
 s - a wand of disintegration (11)
Scrolls
 f - 2 scrolls of fog {unknown}
 g - a scroll of fear {unknown}
 i - a scroll of magic mapping {unknown}
 k - 4 scrolls of remove curse
 m - a scroll of immolation {unknown}
 o - a scroll of amnesia
 p - a scroll of enchant armour {unknown}
 r - a scroll of enchant weapon
 v - a scroll of noise {unknown}
 x - a scroll of blinking {unknown}
Potions
 j - 2 potions of flight
 l - a potion of curing
Comestibles
 d - 6 rations {!d}
 h - 2 chunks of flesh


   Skills:
 * Level 3.0 Fighting
 * Level 2.4 Armour
 * Level 1.0 Dodging
 - Level 3.0 Stealth
 + Level 2.3 Shields
 + Level 4.8 Unarmed Combat
 - Level 1.0 Spellcasting
 * Level 2.8 Invocations
 - Level 1.0 Evocations


You had 7 spell levels left.
You knew the following spells:

 Your Spells              Type           Power        Failure   Level  Hunger
a - Slow                  Hex            #.......     52%         1    ##.....

Your spell library contained the following spells:

 Spells                   Type           Power        Failure   Level  Hunger
 Sandblast                Erth           #.....       52%         1    ##.....
 Call Imp                 Summ           #.......     67%         2    ###....
 Ignite Poison            Fire/Tmut/Pois #.......     89%         3    ####...


Dungeon Overview and Level Annotations

Branches:
Dungeon (4/12)
 Temple: D:4-7

Altars:


Innate Abilities, Weirdness & Mutations

You learn spells by gaining experience, not through books or religion.
You only train spellcasting to practice magic.
You have sharp fingernails.
You have very sharp teeth.
You have a pair of small horns on your head.


Message History

The sky beast is heavily wounded.
The gnoll throws a tomahawk.
You block the tomahawk.
Your shield and leather armour prevent you from hitting the sky beast.
You bite the sky beast, but do no damage.
The sky beast is heavily wounded.
You block the sky beast's attack.
The gnoll throws a tomahawk.
You block the tomahawk.
You scratch the sky beast but do no damage.
The sky beast is heavily wounded.
The sky beast flickers out of sight!
Deactivating autopickup; reactivate with Ctrl-A.
Something hits you.
* * * LOW HITPOINT WARNING * * *
Something shocks you.
* * * LOW HITPOINT WARNING * * *
The gnoll throws a tomahawk.
The tomahawk hits you but does no damage.
Unknown command.
The gnoll throws a tomahawk.
The tomahawk hits you.
You die...

#...............#..#.#.......
#....#####......#..# #..###.#
.....##.####..###.....# #..# #.#
.#####.......#...#.)..###..# #.#
..#####...#).###..#.........###..
.........g..#.#.#.#.)............
...........###{###.....#...####.#
##........#.#.#.#.#........# .#
.......g#.#.g###@.#.Yo..#..#
..........#.#.#.#.#Z.........
...........###.###.g.#.......#
........#.#.#.#.#.........##.#
#######.#.#..# #............
....#.. #....#........ . ..#
#.............# #.#..
................ ..
........#....#..


You could see a gnoll.

Vanquished Creatures
  An ogre (D:4)
  A crimson imp (D:4)
  2 hounds
  An iguana (D:4)
  An orc wizard (D:3)
  A worker ant (D:3)
  7 gnolls
  4 adders
  An ooze (D:3)
  3 worms
  A dart slug (D:2)
  3 leopard geckos
  7 orcs
  7 goblins
  7 hobgoblins
  9 jackals
  3 quokkas
  8 bats
  8 frilled lizards
  5 kobolds
  7 rats
87 creatures vanquished.

Notes
Turn   | Place    | Note
-------+----------+-------------------------------------------
     0 | D:1      | MordorOrchid the Oni Sloth Apostle began the quest for the
                  | Orb.
     0 | D:1      | Reached XP level 1. HP: 17/17 MP: 4/4
   276 | D:1      | Reached XP level 2. HP: 13/24 MP: 5/5
   790 | D:1      | Reached skill level 1 in Invocations
   951 | D:2      | Reached XP level 3. HP: 29/29 MP: 6/6
   968 | D:2      | Reached * piety under Cheibriados
  1039 | D:2      | Reached skill level 1 in Armour
  1057 | D:2      | Reached skill level 3 in Unarmed Combat
  1309 | D:2      | Reached XP level 4. HP: 23/36 MP: 7/7
  1703 | D:2      | Reached ** piety under Cheibriados
  1955 | D:3      | Reached XP level 5. HP: 25/42 MP: 8/8
  2250 | D:3      | Reached skill level 4 in Unarmed Combat
  2919 | D:4      | Noticed an ogre
  2925 | D:4      | Killed an ogre
  2925 | D:4      | Reached XP level 6. HP: 50/50 MP: 5/9
  3044 | D:4      | Reached *** piety under Cheibriados
  3094 | D:4      | Noticed a sky beast
  3299 | D:4      | Got a steaming war axe
  3300 | D:4      | Identified the cursed +3 war axe of Gaxowod {venom, rF++
                  | Dex+5} (You found it on level 4 of the Dungeon)
  3390 | D:4      | Reached skill level 1 in Dodging
  3390 | D:4      | Reached XP level 7. HP: 27/57 MP: 7/11
  3400 | D:4      | Hit by a tomahawk thrown by a gnoll

Skill      XL: |  1  2  3  4  5  6 |
---------------+-------------------+-----
Invocations    | 1 2 |  2.8
Armour         | 1 2 |  2.4
Stealth        | 3 |  3.0
Unarmed Combat | 3 4 |  4.8
Shields        | 2 |  2.3
Fighting       | 3 |  3.0
Dodging        | 1 |  1.0
Spellcasting   | |  1.0
Evocations     | |  1.0

Action                   |  1- 3 |  4- 6 |  7- 9 || total
-------------------------+-------+-------+-------++-------
Melee: Unarmed           |   117 |   129 |     7 ||   253
       Headbutt          |    13 |    28 |     2 ||    43
       Bite              |     5 |    12 |     2 ||    19
Throw: Tomahawk          |       |    22 |       ||    22
Invok: Bend Time         |       |     3 |     1 ||     4
  Use: Potion            |     1 |       |     1 ||     2
       Scroll            |       |     9 |       ||     9
 Stab: Sleeping          |     5 |     9 |       ||    14
  Eat: Chunk             |     1 |     4 |       ||     5
Armor: Animal skin       |    18 |     4 |       ||    22
       Leather armour    |       |    16 |     1 ||    17
Dodge: Dodged            |    38 |    37 |     3 ||    78
Block: Shield            |    37 |    42 |     7 ||    86
